Map: Prion Terraces

Players

Pokebunny

  • Race: Terran Terran
  • League: Grandmaster

DarkZero - Winner!

  • Race: Protoss Protoss
  • League: Master

VOD

Have the link to the VOD?

Description

Time

  • Played on: April 6, 2016, 5:34 p.m.
  • Length: 12:03
Show
View Real Time Build Order
Export as new Build Order

Pokebunny Terran 

Build Orders: Reaper Expand 

Get SALT Encoding   

  12  0:01  SCV  
  13  0:13  SCV  
  14  0:17  Supply Depot  
  14  0:25  SCV  
  15  0:39  Barracks, SCV  
  16  0:44  Refinery  
  16  0:51  SCV  
  17  1:03  SCV  
  18  1:15  SCV  
  19  1:30  Orbital Command  
  19  1:31  Reaper  
  20  1:41  Command Center  
  20  1:54  Supply Depot  
  20  1:55  SCV  
  21  2:03  Marine  
  21  2:06  Factory  
  22  2:11  SCV  
  22  2:14  Refinery  
  23  2:21  Marine  
  24  2:23  SCV  
  25  2:35  SCV  
  25  2:40  Barracks Reactor  
  25  2:47  SCV  
  26  2:52  Starport  
  26  2:53  Hellion  
  26  2:56  Orbital Command  
  28  2:59  SCV  
  29  3:11  SCV  
  30  3:15  Widow Mine  
  30  3:16  Marine  
  30  3:17  Marine  
  34  3:21  Refinery  
  34  3:22  Barracks  
  34  3:28  Medivac, SCV  
  34  3:29  SCV  
  38  3:35  Barracks  
  38  3:36  Marine  
  38  3:38  Marine  
  40  3:42  SCV  
  40  3:43  SCV  
  40  3:47  Factory Tech Lab  
  42  3:52  Supply Depot  
  42  3:54  SCV  
  42  3:55  SCV  
  44  3:56  Marine  
  44  3:57  Marine  
  46  4:07  Supply Depot  
  46  4:14  Siege Tank, Medivac, SCV x2  
  46  4:16  Barracks Tech Lab  
  46  4:17  Marine  
  54  4:28  Marine  
  55  4:31  Barracks Reactor  
  55  4:34  Marine  
  55  4:38  Marine, Combat Shields  
  54  4:46  Marine  
  54  4:52  Marine  
  55  4:54  Siege Tank, SCV  
  55  4:57  Medivac  
  55  4:59  Command Center  
  61  5:00  SCV  
  62  5:11  Supply Depot  
  62  5:13  Marine x2, Supply Depot, SCV  
  65  5:20  Marine x3  
  66  5:26  Siege Tank  
  69  5:31  Marine  
  69  5:32  Medivac  
  72  5:36  Supply Depot  
  72  5:40  Marine x3  
  72  5:41  Marine  
  76  5:43  SCV x2  
  78  5:50  Marine  
  75  5:58  Siege Tank  
  74  6:05  Marine x3  
  74  6:06  Marine  
  62  6:12  SCV x2  
  62  6:15  Marine  
  62  6:26  Medivac  
  62  6:32  Marine x3  
  65  6:45  Marine x2  
  64  6:48  SCV x2  
  64  6:51  Marine  
  64  6:52  Marine  
  60  7:14  SCV x2  
  58  7:17  Marine x2  
  58  7:18  Marine  
  60  7:26  SCV  
  57  7:30  Engineering Bay  
  53  7:38  SCV  
  53  7:52  Marine x3  
  53  7:53  Marine  
  53  7:57  Missile Turret  
  51  8:08  SCV x2  
  42  8:20  Marine x4  
  46  8:29  SCV x2  
  38  8:42  SCV x2  
  40  8:49  Barracks Tech Lab  
  40  9:09  SCV x2  
  40  9:24  SCV x2  
  42  9:27  Missile Turret  
  42  9:36  SCV  
  42  9:37  Barracks Reactor  
  43  9:40  Orbital Command  
  38  10:03  Marine  
  38  10:06  Marine  
  28  10:24  Marine  
  26  10:35  Marine  
  25  10:52  Orbital Command, Medivac  
  25  10:53  Siege Tank  
  14  11:50  SCV  
Show
View Real Time Build Order
Export as new Build Order

DarkZero Protoss - Winner!

Build Orders: 1 Gate Expand 

Get SALT Encoding   

  12  0:01  Probe (Chrono Boost)  
  13  0:11  Probe (Chrono Boost)  
  14  0:18  Pylon  
  14  0:22  Probe (Chrono Boost)  
  15  0:37  Probe (Chrono Boost), Gateway  
  16  0:47  Probe (Chrono Boost)  
  16  0:48  Assimilator  
  17  0:58  Probe (Chrono Boost)  
  18  1:08  Probe (Chrono Boost)  
  19  1:22  Nexus  
  19  1:32  Cybernetics Core  
  19  1:39  Probe (Chrono Boost)  
  20  1:43  Assimilator  
  20  1:50  Probe (Chrono Boost)  
  21  2:00  Pylon  
  23  2:09  Mothership Core (Chrono Boost)  
  23  2:10  Warp Gate  
  23  2:19  Pylon  
  23  2:27  Probe (Chrono Boost)  
  24  2:38  Probe (Chrono Boost)  
  24  2:40  Probe (Chrono Boost)  
  26  2:46  Forge  
  26  2:49  Probe (Chrono Boost)  
  27  2:53  Twilight Council  
  27  2:56  Probe (Chrono Boost)  
  28  3:02  Probe (Chrono Boost)  
  29  3:08  Probe (Chrono Boost)  
  29  3:12  Robotics Facility  
  30  3:14  Probe (Chrono Boost)  
  30  3:18  Probe (Chrono Boost)  
  32  3:22  Protoss Ground Weapons Level 1  
  32  3:24  Probe (Chrono Boost)  
  33  3:29  Probe (Chrono Boost)  
  33  3:33  Pylon  
  33  3:36  Stalker (Chrono Boost), Probe (Chrono Boost)  
  33  3:39  Resonating Glaives  
  36  3:42  Probe (Chrono Boost)  
  38  3:48  Probe  
  38  3:55  Gateway, Probe  
  38  3:57  Gateway  
  38  4:00  Probe (Chrono Boost)  
  40  4:05  Warp Prism  
  40  4:08  Probe (Chrono Boost)  
  43  4:18  Pylon, Probe (Chrono Boost)  
  43  4:23  Pylon  
  44  4:27  Gateway  
  44  4:31  Adept  
  44  4:37  Probe x2 (Chrono Boost)  
  48  4:39  Assimilator  
  48  4:40  Assimilator  
  43  4:49  Observer  
  43  4:53  Stalker  
  43  4:54  Stalker  
  43  4:55  Stalker  
  49  5:14  Probe (Chrono Boost)  
  49  5:19  Adept  
  49  5:20  Adept x2  
  57  5:21  Probe (Chrono Boost)  
  57  5:28  Observer, Probe (Chrono Boost)  
  59  5:30  Adept  
  59  5:33  Probe (Chrono Boost)  
  62  5:40  Probe (Chrono Boost)  
  63  5:46  Adept x3  
  69  5:50  Dark Shrine  
  69  6:00  Adept  
  71  6:05  Pylon  
  71  6:06  Pylon  
  63  6:11  Adept x3  
  63  6:26  Pylon  
  63  6:31  Adept  
  63  6:32  Adept x2  
  67  6:49  Pylon  
  67  6:53  Adept x3  
  63  7:09  Immortal  
  63  7:13  Dark Templar  
  63  7:14  Dark Templar x2  
  52  7:25  Mothership Core (Chrono Boost)  
  54  7:32  Gateway  
  54  7:33  Gateway  
  54  7:35  Pylon  
  52  7:39  Pylon  
  50  7:46  Dark Templar  
  50  7:49  Dark Templar  
  52  8:04  Adept  
  44  8:26  Adept x3  
  37  8:42  Probe (Chrono Boost)  
  38  8:51  Nexus  
  38  8:52  Adept x3  
  38  8:53  Probe (Chrono Boost)  
  45  9:08  Probe (Chrono Boost)  
  46  9:18  Probe (Chrono Boost)  
  46  9:23  Adept  
  49  9:26  Dark Templar  
  49  9:32  Pylon  
  49  9:37  Nexus  
  49  9:46  Adept  
  49  9:47  Adept x3  
  53  10:07  Adept x3  
  55  10:17  Adept x2  
  52  10:41  Adept x2  
  55  10:55  Stalker  
  57  11:10  Stalker  
  59  11:22  Adept  
Tags
 
Add a new tag
Caveats
  • Supply blocks, unpowered buildings, or Contaminate may cause inaccurate times.
  • Supply counts are checked every 10 seconds.